 Dungeon Crawl Stone Soup version 0.30.0-18-gf1372a6a44 (webtiles) character file.

Game seed: 17955562971719385076

212 qw the Chopper (level 5, -1/33 HPs)
             Began as a Gargoyle Fighter on May 23, 2023.
             Slain by a killer bee (8 damage)
             ... on level 4 of the Dungeon.
             The game lasted 00:01:09 (2731 turns).

qw the Chopper (Gargoyle Fighter)                   Turns: 2731, Time: 00:01:10

Health: -1/33      AC: 10    Str: 22    XL:     5   Next: 90%
Magic:  5/5        EV:  9    Int:  8    God:
Gold:   242        SH:  4    Dex:  9    Spells: 4/4 levels left

rFire   . . .        Y - +1 war axe
rCold   . . .        c - +0 buckler
rNeg    + . .        b - +0 scale mail
rPois   inf          (no helmet)
rElec   +            (no cloak)
rCorr   .            (no gloves)
SInv    .            (no boots)
Will    .....        (no amulet) Stlth
                     (no ring)
HPRegen 0.25/turn    (no ring)
MPRegen 0.09/turn

%: no passive effects
@: about to teleport
A: sickness immunity, AC +4, negative energy resistance 1, electricity
resistance, torment resistance 1, petrification resistance
a: no special abilities


You were on level 4 of the Dungeon.
You visited 1 branch of the dungeon, and saw 4 of its levels.

You collected 242 gold pieces.


Innate Abilities, Weirdness & Mutations

You are immune to sickness and miasma.
Your stone body is resilient. (AC +4)
You are immune to poison.
You resist negative energy. (rN+)
You are resistant to electric shocks. (rElec)
You are resistant to unholy torment.
You are immune to petrification.


   Skills:
 + Level 3.8 Fighting
 - Level 5.1 Axes
 - Level 3.2 Armour
 - Level 3.2 Shields


You had 4 spell levels left.
You didn't know any spells.
Your spell library was empty.

Inventory:

Hand Weapons
 l - a +0 flail
 Y - a +1 war axe (weapon)
Armour
 b - a +0 scale mail (worn)
 c - a +0 buckler (worn)
Scrolls
 a - a scroll of identify
 g - 2 scrolls of teleportation
 k - a scroll of enchant armour
Potions
 d - a potion of might
 e - a potion of attraction
 h - 4 potions of curing
 i - a potion of haste
 n - a potion of heal wounds {unknown}
 q - a potion of brilliance {unknown}

Dungeon Overview and Level Annotations

Branches:
Dungeon (4/15)
 Temple: D:4-7

Altars:
Elyvilon
Trog
Yredelemnul
Zin

Shops:
D:1 !   D:2 *


Message History

The hound bites you.
You hit the hound.
The hound is almost dead.
You hit the orc. The orc closely misses you. You block the hound's attack.
The orc hits you with a +0 flail.
You slash the hound!
You kill the hound!
You completely miss the orc. The orc hits you with a +0 flail!
You slash the orc!
You kill the orc!
You start resting.
A scorpion comes into view.
2713 ||| Stepping ~*~*~tactically~*~*~ (stealth).
Found 13 gold pieces.
You now have 242 gold pieces (gained 14).
Items here: %% )) [.
You start resting.
You hear the slow rusting of a distant drain.
A killer bee comes into view.
You closely miss the killer bee. You block the killer bee's attack.
The killer bee stings you! The killer bee closely misses you.
You slash the killer bee!
The killer bee is almost dead.
The killer bee misses you. The killer bee stings you.
You miss the killer bee.
The killer bee is almost dead.
The killer bee stings you. The killer bee closely misses you.
The killer bee stings you.
You closely miss the killer bee.
The killer bee is almost dead.
The killer bee stings you.
The killer bee stings you but does no damage. x2
2731 ||| READING 3 scrolls of teleportation.
As you read the scroll of teleportation, it crumbles to dust.
You feel strangely unstable. You block the killer bee's attack.
The killer bee stings you!
You die...

##.... ######...#..
......# #.# #
#..####.###.
##.....#.#...
###..###.)..... ##...##
###..... ###..###
###.....
s.####@..#######.......
#....y).......<....#...
$......#########..#.####
............###..##.#
....#.# #.....###.#
#.###. ###)### #.# # #.
###))### #.# #. #......#
#.# #..####.###.#


You could see a killer bee.

Vanquished Creatures
  A scorpion (D:3)
  A hound (D:4)
  An orc wizard (D:4)
  3 adders (D:3)
  2 worms (D:2)
  2 dart slugs (D:3)
  8 orcs (D:4)
  5 ball pythons
  3 endoplasms
  3 giant cockroaches (D:3)
  A goblin (D:3)
  5 hobgoblins
  A jackal (D:3)
  4 quokkas
  3 bats
  3 frilled lizards
  8 kobolds
  2 rats (D:3)
56 creatures vanquished.

Notes
Turn   | Place    | Note
-------+----------+-------------------------------------------
     0 | D:1      | qw the Gargoyle Fighter began the quest for the Orb.
     0 | D:1      | Reached XP level 1. HP: 14/14 MP: 1/1
     0 | D:1      | 0 ||| qw: Version: 0.2-a-98-g5d7165a
     0 | D:1      | 0 ||| qw: Game counter: 9
     0 | D:1      | 0 ||| qw: Always use a shield: true
     0 | D:1      | 0 ||| qw: God list: Okawaru
     0 | D:1      | 0 ||| qw: Allow faded altars: false
     0 | D:1      | 0 ||| qw: Do Orc after D:15 true
     0 | D:1      | 0 ||| qw: Do second Lair branch before Depths: true
     0 | D:1      | 0 ||| qw: Lair rune preference: random
     0 | D:1      | 0 ||| qw: Plans: Normal, Zot:1-4, God:TSO, Crypt, Tomb,
                  | Pan, Slime:5, Hells, Abyss, Win
     0 | D:1      | 0 ||| PLANNING D:1-11
    52 | D:1      | 52 ||| Stepping ~*~*~tactically~*~*~ (hiding).
    64 | D:1      | Reached skill level 2 in Axes
   160 | D:1      | Found Reexzeuf's Distillery.
   163 | D:1      | 163 ||| SHOPLISTING potion of attraction (33 gold, have 0).
   163 | D:1      | 163 ||| SHOPLISTING potion of curing (33 gold, have 0).
   163 | D:1      | 163 ||| SHOPLISTING potion of haste (110 gold, have 0).
   163 | D:1      | 163 ||| SHOPLISTING potion of lignification (33 gold, have
                  | 0).
   201 | D:1      | 201 ||| Stepping ~*~*~tactically~*~*~ (hiding).
   208 | D:1      | 208 ||| Stepping ~*~*~tactically~*~*~ (stealth).
   734 | D:1      | 734 ||| DROPPING ring of magical power.
   735 | D:1      | 735 ||| READING 4 scrolls labelled DEONYMNEDE.
   736 | D:1      | 736 ||| READING scroll labelled LEYSMY FEEF.
   737 | D:1      | 737 ||| READING 3 scrolls of identify.
   737 | D:1      | 737 ||| IDENTIFYING metallic golden potion
   992 | D:2      | Reached XP level 2. HP: 18/19 MP: 2/2
  1287 | D:2      | 1287 ||| Stepping ~*~*~tactically~*~*~ (stealth).
  1303 | D:2      | Found a basalt altar of Yredelemnul.
  1419 | D:2      | Found Reinor's General Store.
  1547 | D:2      | 1547 ||| READING scroll labelled NIKLOSMIECK.
  1548 | D:2      | 1548 ||| READING scroll labelled VONAIKL FOTADI.
  1553 | D:2      | 1553 ||| DRINKING 3 black potions.
  1554 | D:2      | 1554 ||| DRINKING 2 orange potions.
  1555 | D:2      | 1555 ||| READING 2 scrolls of identify.
  1555 | D:2      | 1555 ||| IDENTIFYING fizzy silvery potion
  1556 | D:2      | 1556 ||| DROPPING potion of invisibility.
  1557 | D:2      | 1557 ||| DROPPING potion of flight.
  1592 | D:3      | Reached skill level 3 in Axes
  1609 | D:3      | 1609 ||| Stepping ~*~*~tactically~*~*~ (stealth).
  1633 | D:3      | Reached XP level 3. HP: 23/23 MP: 3/3
  1666 | D:3      | 1666 ||| DROPPING +0 whip.
  1751 | D:3      | 1751 ||| Stepping ~*~*~tactically~*~*~ (stealth).
  1797 | D:3      | Found a bloodstained altar of Trog.
  1797 | D:3      | Found a white marble altar of Elyvilon.
  1797 | D:3      | Found a glowing silver altar of Zin.
  1798 | D:3      | 1798 ||| Stepping ~*~*~tactically~*~*~ (hiding).
  1802 | D:3      | 1802 ||| Stepping ~*~*~tactically~*~*~ (hiding).
  2025 | D:3      | Reached XP level 4. HP: 12/28 MP: 4/4
  2031 | D:3      | Reached skill level 4 in Axes
  2039 | D:3      | HP: 6/28 [quokka (4)]
  2040 | D:3      | 2040 ||| READING 3 scrolls of teleportation.
  2154 | D:3      | Noticed a scorpion
  2159 | D:3      | Killed a scorpion
  2160 | D:3      | Reached XP level 5. HP: 27/32 MP: 5/5
  2243 | D:3      | Identified the +5 short sword of the Crafting Messenger
                  | {spect, rPois Will+ Str+3 Dex+3}
  2561 | D:3      | 2561 ||| READING 2 scrolls labelled SETAMAVEVIUM.
  2562 | D:3      | 2562 ||| READING 2 scrolls labelled QYTO HIJINA.
  2563 | D:3      | 2563 ||| READING scroll labelled JIOQAQ ITOGIUL.
  2564 | D:3      | 2564 ||| READING scroll labelled DUNTOR JONIHO.
  2565 | D:3      | 2565 ||| READING scroll labelled ORIUDI ZUNAXO.
  2566 | D:3      | 2566 ||| READING scroll labelled ENOGIN QEAP.
  2567 | D:3      | 2567 ||| READING 3 scrolls of identify.
  2567 | D:3      | 2567 ||| IDENTIFYING sapphire potion
  2568 | D:3      | 2568 ||| READING 2 scrolls of identify.
  2568 | D:3      | 2568 ||| IDENTIFYING blue potion
  2569 | D:3      | 2569 ||| DROPPING scroll of vulnerability.
  2570 | D:3      | 2570 ||| DROPPING potion of berserk rage.
  2575 | D:4      | 2575 ||| PLANNING SEWER
  2589 | D:4      | 2589 ||| Stepping ~*~*~tactically~*~*~ (stealth).
  2594 | D:4      | 2594 ||| Stepping ~*~*~tactically~*~*~ (stealth).
  2596 | D:4      | 2596 ||| Stepping ~*~*~tactically~*~*~ (stealth).
  2618 | D:4      | 2618 ||| Stepping ~*~*~tactically~*~*~ (stealth).
  2621 | D:4      | 2621 ||| Stepping ~*~*~tactically~*~*~ (stealth).
  2692 | D:4      | Reached skill level 5 in Axes
  2713 | D:4      | 2713 ||| Stepping ~*~*~tactically~*~*~ (stealth).
  2730 | D:4      | HP: 6/33 [killer bee (3)]
  2731 | D:4      | 2731 ||| READING 3 scrolls of teleportation.
  2731 | D:4      | Slain by a killer bee

Levels and vault maps discovered:
D:1:      nzn_arrival_depleted_hourglass, layout_loops_ring, serial_shops, shop
D:2:      layout_basic, basic_altar, serial_shops, shop, minmay_statues_item,
          chequers_serial_rivers_room_a, item_on_display_a
D:3:      layout_loops_ring, gammafunk_temple_overflow_claw, minmay_vboxes
D:4:      layout_rooms, kennysheep_little_box, minmay_temple_entry_overgrown,
          portal_sewer_entry_b, serial_park_tiny_2, minmay_misc_feat_room,
          uniq_robin

Skill      XL: |  1  2  3  4  5 |
---------------+----------------+-----
Axes           | 2 3 4 5 |  5.1
Fighting       | |  3.8
Armour         | |  3.2
Shields        | |  3.2

Action                     |  1- 3 |  4- 6 || total
---------------------------+-------+-------++-------
  Melee: War axe           |   106 |    75 ||   181
    Use: Scroll            |     6 |    10 ||    16
         Potion            |     2 |       ||     2
 Armour: Scale mail        |    62 |    39 ||   101
  Dodge: Dodged            |    53 |    37 ||    90
  Block: Buckler           |    19 |    17 ||    36

Table legend:
 A = Non-vault XP
 B = Vault XP
 C = Vault XP percentage of total XP
 D = Non-vault monster count
 E = Vault monster count
 F = Vault count percentage of total count
                 A         B        C        D         E       F
            +---------+---------+-------+---------+---------+-------
      Total |     193 |     111 |  36.5 |      47 |       9 |  16.1
            +---------+---------+-------+---------+---------+-------
        D:1 |       8 |       0 |   0.0 |       6 |       0 |   0.0
        D:2 |      19 |       0 |   0.0 |       7 |       0 |   0.0
        D:3 |      60 |     111 |  64.9 |      21 |       9 |  30.0
        D:4 |     106 |       0 |   0.0 |      13 |       0 |   0.0
            +---------+---------+-------+---------+---------+-------
